 Dungeon Crawl Stone Soup version 0.22-a0-521-gb1378044ac (webtiles) character file.

2 M4edhros the Grave Robber (level 1, -2/11 HPs)
             Began as an Octopode Necromancer on June 20, 2018.
             Slain by a gnoll (6 damage)
             ... on level 3 of the Dungeon.
             The game lasted 00:00:38 (92 turns).

M4edhros the Grave Robber (Octopode Necromancer)      Turns: 92, Time: 00:00:39

Health: -2/11      AC:  1    Str:  7    XL:     1   Next: 30%
Magic:  3/3        EV: 13    Int: 17    God:
Gold:   0          SH:  0    Dex: 12    Spells: 3/4 levels left

rFire    + . .     SeeInvis .   (no weapon)
rCold    . . .     Gourm    .   (no shield)
rNeg     . . .     Faith    .   (helmet restricted)
rPois    .         Spirit   .   (no amulet)
rElec    .         Reflect  .   a - ring of protection from fire
rCorr    .         Harm     .   (no ring)
MR       .....                  (no ring)
Stlth    +++.......             (no ring)
HPRegen  0.03/turn              (no ring)
MPRegen  0.08/turn              (no ring)
                                (no ring)
                                (no ring)

@: no status effects
A: almost no armour, stealthy swim, amphibious, 8 rings, constrict 8, camouflage
1, gelatinous body 1
a: no special abilities


You were on level 3 of the Dungeon.
You were not hungry.

You visited 1 branch of the dungeon, and saw 3 of its levels.

Inventory:

Jewellery
 a - a ring of protection from fire (left tentacle)
Scrolls
 c - a scroll of fog {unknown}
 d - a scroll of enchant weapon {unknown}
Comestibles
 b - a ration


   Skills:
 - Level 2.0 Dodging
 - Level 2.6 Stealth
 + Level 0.6 Unarmed Combat
 - Level 2.0 Spellcasting
 - Level 4.0 Necromancy


You had 3 spell levels left.
You knew the following spells:

 Your Spells              Type           Power        Failure   Level  Hunger
a - Pain                  Necr           ###.         3%          1    #......

Your spell library contained the following spells:

 Spells                   Type           Power        Failure   Level  Hunger
 Animate Dead             Necr           N/A          36%         4    #####..
 Animate Skeleton         Necr           N/A          3%          1    #......
 Vampiric Draining        Necr           ###.......   11%         3    ###....
 Regeneration             Chrm/Necr      #.........   26%         3    ###....


Dungeon Overview and Level Annotations

Branches:
Dungeon (3/15)

Altars:


Innate Abilities, Weirdness & Mutations

You cannot wear most types of armour.
You are very stealthy in the water. (Stealth+)
You are amphibious.
You can wear up to eight rings at the same time.
You can use your tentacles to constrict eight enemies at once.
Your skin changes colour to match your surroundings (Stealth+).
Your rubbery body absorbs attacks. (AC +1, EV +1)


Message History

You tentacle-slap the bat. You grab the bat. Your squeeze misses the bat.
The bat is moderately wounded.
You constrict the bat. The bat hits you but does no damage.
You tentacle-slap the bat.
You kill the bat!
The jackal closely misses you.
You barely miss the jackal. Your grab misses the jackal. The jackal bites you.
You tentacle-slap the jackal but do no damage.
You grab the jackal.
You constrict the jackal, but do no damage.
The jackal misses you. The jackal bites you.
You tentacle-slap the jackal but do no damage.
You constrict the jackal. The jackal closely misses you.
You tentacle-slap the jackal but do no damage.
The jackal is severely wounded.
You constrict the jackal.
You kill the jackal!
The gnoll hits you.
Ouch! That really hurt!
You die...

.# #####.# .....# ..#.# #.#.##
#....##### ## #......... #.
#@..# #. # ##g## .## .#
#.#####g# ####..#.. .. #.......#
#....#.# #.# #######'## #......#
#w# ##...## #....### #.#
##.....## ##.#.....
###.######..g....# #.#.#####
####.......#.........###........


You could see 2 gnolls.

Vanquished Creatures
  A jackal (D:3)
  A bat (D:3)
2 creatures vanquished.

Notes
Turn   | Place    | Note
-------+----------+-------------------------------------------
     0 | D:1      | M4edhros the Octopode Necromancer began the quest for the Orb.
     0 | D:1      | Reached XP level 1. HP: 11/11 MP: 3/3
    92 | D:3      | Slain by a gnoll

Vault maps used:
D:1:      dpeg_arrival_arbitrary_b
D:2:      grunt_temple_overflow_growth_and_decay, marbit_many_paths,
          grunt_qazlal_clouds, minmay_pentomino_x4, uniq_natasha,
          uniq_crazy_yiuf_cottage
D:3:      grunt_temple_overflow_opulence, eat_drink_and_be_merry_uskayaw,
          lemuel_crystal_altar, nicolae_overflow_crystal_walls,
          serial_bayou_pond_d

Action                   || total
-------------------------++-------
Melee: Unarmed           ||     7
       Constrict         ||     2
Armor: Skin              ||     3
Dodge: Dodged            ||     9

Table legend:
 A = Spawn XP
 B = Non-spawn XP
 C = Spawn XP percentage of total XP
 D = Spawn monster count
 E = Non-spawn monster count
 F = Spawn count percentage of total count
 G = Total turns spent on level
                    A         B        C        D         E        F      G
               +---------+---------+-------+---------+---------+-------+---------
         Total |       0 |       3 |   0.0 |       0 |       2 |   0.0 |    92
               +---------+---------+-------+---------+---------+-------+---------
           D:3 |       0 |       3 |   0.0 |       0 |       2 |   0.0 |    69
               +---------+---------+-------+---------+---------+-------+---------
